 Dungeon Crawl Stone Soup version 0.31-a0-983-g7b6862f502 (webtiles) character file.

Game seed: 9635869316733057476

21 protoss039 the Digger (level 2, 21/21 HPs)
             Began as a Demonspawn Earth Elementalist on Nov 2, 2023.
             Got out of the dungeon alive.
             The game lasted 00:01:06 (759 turns).

protoss039 the Digger (DsEE)                         Turns: 759, Time: 00:01:06

Health: 21/21      AC:  3    Str:  8    XL:     2   Next: 62%
Magic:  5/5        EV: 12    Int: 16    God:
Gold:   79         SH:  0    Dex: 13    Spells: 4/5 levels left

rFire   . . .        i - staff of air
rCold   . . .        (no shield)
rNeg    . . .        a - +0 robe
rPois   .            (helmet restricted)
rElec   +            (no cloak)
rCorr   .            (no gloves)
SInv    .            h - +0 pair of boots
Will    .....        (no amulet)
Stlth   ++           (no ring)
HPRegen 0.23/turn    (no ring)
MPRegen 0.09/turn

%: no passive effects
@: no status effects
A: horns 1
a: no special abilities


You escaped.
You visited 1 branch of the dungeon, and saw 2 of its levels.

You collected 79 gold pieces.

Inventory:

Hand Weapons
 d - a +0 dagger
Armour
 a - a +0 robe (worn)
 h - a +0 pair of boots (worn)
Magical Staves
 i - a staff of air (weapon)
Scrolls
 e - a scroll of immolation {unknown}
 f - 2 scrolls of teleportation
 g - a scroll of fear {unknown}
Potions
 b - a potion of magic
 c - 2 potions of haste {unknown}


   Skills:
 + Level 1.2 Fighting
 - Level 1.7 Dodging
 - Level 1.7 Stealth
 + Level 2.4 Spellcasting
 - Level 0.8 Transmutations
 + Level 3.0 Earth Magic


You had 4 spell levels left.
You knew the following spells:

 Your Spells              Type           Power      Damage    Failure   Level
a - Sandblast             Erth           22%        2d7       6%          1

Your spell library contained the following spells:

 Spells                   Type           Power      Damage    Failure   Level
 Passwall                 Tmut/Erth      6%         N/A       14%         2
 Stone Arrow              Conj/Erth      12%        3d7       32%         3
 Petrify                  Tmut/Erth      8%         N/A       65%         4
 Brom's Barrelling Bould  Conj/Erth      6%         2d3       71%         4


Dungeon Overview and Level Annotations

Branches:
Dungeon (2/15) Zot: 11231

Altars:

Shops:
D:2 :


Innate Abilities, Weirdness & Mutations

You have a pair of small horns on your head.


Message History

You hit the hobgoblin but do no damage. The hobgoblin barely misses you.
The hobgoblin closely misses you.
You closely miss the hobgoblin. The hobgoblin misses you.
You closely miss the hobgoblin. You headbutt the hobgoblin.
You kill the hobgoblin!
The ball python bites you but does no damage.
The ball python closely misses you.
You see here a hobgoblin corpse.
You closely miss the ball python.
The ball python bites you but does no damage.
The ball python barely misses you.
You hit the ball python but do no damage.
You headbutt the ball python.
You kill the ball python!
No target in view!
No target in view!
No target in view!
No target in view!
No target in view!
No target in view!
No target in view!
No target in view!
No target in view!
No target in view!
No target in view!
No target in view!
No target in view!
No target in view!
No target in view!
No target in view!
Found a scroll labelled NEOLOLAHIEC.
There is a stone staircase leading up here.
You climb upwards.
There is a stone staircase leading down here.
What level of the Dungeon? (default 2, ? - help) You're already here!
There is an open door here.
There is a dry fountain here.
There is a staircase leading out of the dungeon here.
You have escaped!

............#.##+#..##########...
..............##.##......# #...
.......######.##.##.##...#####...
######........#...#..##..#.......
## #........#...##.......###...
.## ##...#####...######..####...
..# #.######..⌠..#####.........
..# #.###...........###..##.##.
..# #.'.....⌠.@.⌠.....+.....###
..# #####[..........###.#..## #
..#### ####..⌠..#####...#.###
.....# #..##...##..#.##.....#
...#.# #...#...#.....###.##.#
.....## #...#...#....####....#
......#####...##.##.##..##..#..#
..##.....##...##.##......#)##..##
(.###..#.......#'#.##......###..#


There were no monsters in sight!

Vanquished Creatures
  3 ball pythons
  An endoplasm (D:1)
  A giant cockroach (D:2)
  5 hobgoblins
  A bat (D:2)
  3 frilled lizards
  3 goblins (D:1)
  A rat (D:1)
18 creatures vanquished.

Notes
Turn   | Place    | Note
-------+----------+-------------------------------------------
     0 | D:1      | protoss039 the Demonspawn Earth Elementalist began the
                  | quest for the Orb.
     0 | D:1      | Reached XP level 1. HP: 13/13 MP: 3/3
   263 | D:1      | Gained mutation: You have a pair of small horns on your
                  | head. [demonic ancestry]
   263 | D:1      | Reached XP level 2. HP: 20/20 MP: 1/5
   471 | D:1      | Reached skill level 1 in Fighting
   607 | D:2      | Reached skill level 3 in Earth Magic
   687 | D:2      | Found Xago's Book Boutique.
   759 | D:$      | Got out of the dungeon alive.

Illustrated notes

Levels and vault maps discovered:
D:1:      evilmike_arrival_plus, layout_rooms
D:2:      layout_basic, serial_shops, shop, nicolae_shop_hallway_plus,
          nicolae_shop_back_alley_shop, minmay_diced_spiral, uniq_natasha

Skill      XL: |  1  2 |
---------------+-------+-----
Fighting       | 1 |  1.2
Earth Magic    | 3 |  3.0
Dodging        | |  1.7
Stealth        | |  1.7
Spellcasting   | |  2.4
Transmutations | |  0.8

Action                     || total
---------------------------++-------
  Melee: Staff             ||     9
         Dagger            ||     6
         Headbutt          ||     4
   Cast: Sandblast         ||    18
    Use: Scroll            ||     1
 Armour: Robe              ||     9
  Dodge: Dodged            ||    13

Table legend: (Time is in decaauts)
 A = Elapsed time spent in this place.
 B = Non-inter-level travel time spent in this place.
 C = Inter-level travel time spent in this place.
 D = Time resting spent in this place.
 E = Time spent auto-exploring this place.
 F = Levels seen in this place.
 G = Mean time per level.
                   A        B        C        D        E       F      G
               +--------+--------+--------+--------+--------+-----+--------+
         Total |    769 |    652 |    117 |      0 |    512 |   2 |  384.5 |
       Dungeon |    769 |    652 |    117 |      0 |    512 |   2 |  384.5 |
               +--------+--------+--------+--------+--------+-----+--------+

Top non-repeatable levels by time:
     D:1: 631 daAuts
     D:2: 137 daAuts
